 Dungeon Crawl Stone Soup version 0.17-a0-15-g0155121 (console) character file.

936 Monkaria the Cutter (level 7, -1/35 HPs)
             Began as a Spriggan Abyssal Knight on Mar 5, 2015.
             Was a High Priest of Lugonu.
             Killed by divine providence
             ... invoked by an orc priest
              (17 damage)
             ... on level 5 of the Dungeon.
             The game lasted 00:32:50 (5679 turns).

Monkaria the Cutter (Spriggan Abyssal Knight)       Turns: 5679, Time: 00:32:50

Health: -1/35      AC:  6    Str: 10    XL:     7   Next: 87%
Magic:  15/15      EV: 18    Int: 14    God:    Lugonu [*****.]
Gold:   141        SH:  0    Dex: 15    Spells: 0 memorised, 6 levels left

rFire  . . .     SeeInvis +     a - +1 spear
rCold  . . .     Clarity  .     b - +1 robe
rNeg   . . .     SustAb   .     (shield restricted)
rPois  .         Gourm    .     (helmet restricted)
rElec  .         Spirit   .     (no cloak)
rCorr  .         Warding  .     (gloves unavailable)
rMut   .         Rnd*Tele +     (boots unavailable)
MR     +....                    (no amulet)
Stlth  +++.......               t - +5 ring of slaying
                                o - +3 ring of protection

@: very quick, somewhat resistant to hostile enchantments, fairly stealthy
A: unfitting armour, horns 2, see invisible, herbivore 3, speed 3, slow
metabolism 2, teleportitis 1
a: Depart the Abyss, Bend Space, Banish, Corrupt, Enter the Abyss, Renounce
Religion


You were on level 5 of the Dungeon.
You worshipped Lugonu.
Lugonu was extremely pleased with you.
You were near starving.

You visited 2 branches of the dungeon, and saw 6 of its levels.
You visited the Abyss 1 time.

You collected 141 gold pieces.

Inventory:

Hand weapons
 a - a +1 spear (weapon)
 k - a +0 hunting sling
 n - a +0 dagger of electrocution
 v - a +0 blowgun
Missiles
 w - 36 poisoned needles
Armour
 b - a +1 robe (worn)
Jewellery
 g - an uncursed ring of protection from fire
 o - a +3 ring of protection (left hand)
 t - a +5 ring of slaying (right hand)
Magical devices
 j - a wand of cold (6)
 s - a wand of lightning (8)
Scrolls
 d - 3 scrolls of remove curse
 e - 3 scrolls of enchant armour
 h - 6 scrolls of identify {unknown}
 m - a scroll of fear {unknown}
 p - a scroll of immolation {unknown}
 q - a scroll of magic mapping {unknown}
 r - a scroll of enchant weapon {unknown}
 u - a scroll of amnesia {unknown}
Potions
 f - 2 potions of curing
 i - 4 potions of haste
 l - a potion of magic {unknown}
Comestibles
 c - 4 bread rations


   Skills:
 - Level 2.4 Fighting
 + Level 6.8 Short Blades
 - Level 4.1 Polearms
 - Level 0.6 Armour
 - Level 3.0 Dodging
 - Level 5.6 Stealth
 - Level 1.7 Invocations


You had 6 spell levels left.
You didn't know any spells.

Dungeon Overview and Level Annotations

Branches:
Dungeon (5/15)             Temple (1/1) D:4

Altars:
Ashenzari
Cheibriados
Dithmenos
Makhleb
Nemelex Xobeh
Okawaru
Trog
Vehumet
Xom
Zin

Shops:
D:4 =


Innate Abilities, Weirdness & Mutations

You are tiny and cannot use many weapons and most armour.
You have supernaturally acute eyesight.
You are a herbivore.
You cover ground extremely quickly.
You need consume almost no food.
You have a pair of horns on your head.
Space occasionally distorts in your vicinity.


Message History

The orc priest utters an invocation to Beogh.
You feel a wave of unholy energy pass over you.
Drink which item? (? for menu, Esc to quit)
Okay, then.
Found a buckler.
You see here a buckler.
The orc wizard casts a spell at you. The magic dart hits you!
* * * LOW HITPOINT WARNING * * *
Drink which item? (? for menu, Esc to quit)
You feel better.
You hit the orc priest.
The orc priest is almost dead.
The orc priest glows brightly for a moment.
You closely miss the orc priest.
The orc priest is almost dead.
The orc priest's eyes start to glow.
The orc priest invokes the aid of Beogh against you.
Something smites you!
You die...

#Z# #<# #.# #.#
#.# ######### ..#
#.o..[..# ###
#.#####.#
.########.#####.#
..........o@.##.#
.########.##o##.#
#.##.##.#
##.......#
#o....####
#.##### #.# #.###
##o..##


You could see 2 orc priests.

Vanquished Creatures
  A frost giant skeleton (Abyss:1)
  The ghost of haldagan the Ruffian, an average CeMo (D:3)
  A big kobold (D:4)
  A hound (D:4)
  2 orc wizards (D:4)
  2 worker ants
  2 orc priests (D:4)
  A hound skeleton (D:4)
  Robin (D:3)
  6 adders
  A giant mite (D:4)
  3 worms (D:2)
  4 giant geckos
  13 orcs
  8 bats
  6 giant cockroaches
  14 hobgoblins
  12 jackals
  12 kobolds
  2 ball pythons
  A giant gecko skeleton (D:4)
  4 giant newts
  12 goblins
  A jackal skeleton (D:4)
  A quokka (D:4)
  11 rats
123 creatures vanquished.

Vanquished Creatures (others)
  12 starspawn tentacles (Abyss:1)
  81 starspawn tentacle segments (Abyss:1)
93 creatures vanquished.

Grand Total: 216 creatures vanquished

Notes
Turn   | Place    | Note
--------------------------------------------------------------
     0 | Abyss:1  | Monkaria, the Spriggan Abyssal Knight, began the quest for the Orb.
     0 | Abyss:1  | Reached XP level 1. HP: 11/11 MP: 2/2
    82 | Abyss:1  | Noticed a frost giant skeleton
   158 | Abyss:1  | Noticed a titan zombie
   162 | Abyss:1  | Noticed a starcursed mass
   266 | Abyss:1  | Killed a frost giant skeleton
   266 | Abyss:1  | Reached skill level 4 in Polearms
   266 | Abyss:1  | Reached skill level 5 in Stealth
   266 | Abyss:1  | Reached XP level 2. HP: 16/16 MP: 4/4
   266 | Abyss:1  | Reached XP level 3. HP: 19/19 MP: 6/6
   266 | Abyss:1  | Reached XP level 4. HP: 23/23 MP: 9/9
   266 | Abyss:1  | Reached XP level 5. HP: 27/27 MP: 11/11
   266 | Abyss:1  | Reached XP level 6. HP: 32/32 MP: 13/13
   326 | Abyss:1  | Noticed a lich
   335 | Abyss:1  | Noticed a tentacled starspawn
   379 | Abyss:1  | Noticed a rust devil
   382 | Abyss:1  | Noticed a blue devil
   398 | Abyss:1  | Noticed a tentacled starspawn
   410 | D:1      | Escaped the Abyss
   439 | D:1      | Acquired Lugonu's first power
  1457 | D:2      | Acquired Lugonu's second power
  1493 | D:2      | Reached skill level 1 in Short Blades
  2212 | D:3      | Acquired Lugonu's third power
  2355 | D:3      | Noticed haldagan's ghost (average CeMo)
  2675 | D:3      | Gained mutation: Space occasionally distorts in your vicinity. [potion of mutation]
  2675 | D:3      | Gained mutation: You have a pair of small horns on your head. [potion of mutation]
  2677 | D:3      | Gained mutation: Your body is slowly deteriorating. [potion of mutation]
  2677 | D:3      | Lost mutation: Your body is slowly deteriorating. [potion of mutation]
  2677 | D:3      | Gained mutation: You have a pair of horns on your head. [potion of mutation]
  3126 | D:3      | Killed haldagan's ghost
  3126 | D:3      | Reached XP level 7. HP: 13/35 MP: 15/15
  3405 | D:3      | Noticed Robin
  3428 | D:3      | Killed Robin
  3440 | D:3      | Acquired Lugonu's fourth power
  3859 | D:4      | Found a staircase to the Ecumenical Temple.
  3874 | Temple   | Entered the Ecumenical Temple
  4053 | D:4      | Found Chyrgh's Jewellery Boutique.
  4111 | D:4      | Reached skill level 5 in Short Blades
  4543 | D:4      | Acquired Lugonu's fifth power
  4555 | D:4      | Found a glowing silver altar of Zin.
  4556 | D:4      | Found Zin's Purification Station.
  4883 | D:4      | Reached skill level 6 in Short Blades
  5622 | D:5      | Entered Level 5 of the Dungeon
  5624 | D:5      | Found a burning altar of Makhleb.
  5679 | D:5      | Killed from afar by an orc priest

Action                   |  1- 3 |  4- 6 |  7- 9 || total
-------------------------+-------+-------+-------++-------
Melee: Spear             |    57 |   330 |   223 ||   610
Invok: Depart the Abyss  |       |     1 |       ||     1
  Use: Potion            |       |     9 |     2 ||    11
       Scroll            |       |     2 |       ||     2
 Stab: Sleeping          |       |    21 |     9 ||    30
       Distracted        |       |       |     2 ||     2
  Eat: Pizza             |       |       |     1 ||     1
